 Dungeon Crawl Stone Soup version 0.31-a0-182-gc5ef74bbde (webtiles) character file.

Game seed: 13783128488510665856

639 qw the Chopper (level 7, 0/43 HPs)
             Began as a Gargoyle Fighter on June 21, 2023.
             Slain by a gnoll bouda
             ... wielding a +0 club
              (9 damage)
             ... on level 5 of the Dungeon.
             The game lasted 00:02:13 (4322 turns).

qw the Chopper (Gargoyle Fighter)                   Turns: 4322, Time: 00:02:13

Health: 0/43       AC: 16    Str: 22    XL:     7   Next: 50%
Magic:  7/7        EV: 13    Int:  8    God:
Gold:   242        SH:  4    Dex:  9    Spells: 6/6 levels left

rFire   . . .        Y - +1 war axe
rCold   . . .        c - +0 buckler
rNeg    + . .        k - +0 chain mail
rPois   inf          g - +0 helmet
rElec   +            j - +0 cloak
rCorr   .            (no gloves)
SInv    .            (no boots)
Will    +....        (no amulet) Stlth
                     a - ring of willpower
HPRegen 0.27/turn    o - +5 ring of evasion
MPRegen 0.10/turn

%: no passive effects
@: weakened
A: sickness immunity, AC +4, negative energy resistance 1, electricity
resistance, torment resistance 1, petrification resistance
a: no special abilities


You were on level 5 of the Dungeon.
You visited 1 branch of the dungeon, and saw 5 of its levels.

You collected 242 gold pieces.


Innate Abilities, Weirdness & Mutations

You are immune to sickness and miasma.
Your stone body is resilient. (AC +4)
You are immune to poison.
You resist negative energy. (rN+)
You are resistant to electric shocks. (rElec)
You are resistant to unholy torment.
You are immune to petrification.


   Skills:
 - Level 4.2 Fighting
 + Level 6.9 Axes
 - Level 3.2 Armour
 - Level 1.0 Dodging
 - Level 3.2 Shields


You had 6 spell levels left.
You didn't know any spells.
Your spell library was empty.

Inventory:

Hand Weapons
 l - a +0 morningstar
 Y - a +1 war axe (weapon)
Missiles
 f - 4 boomerangs (quivered)
Armour
 c - a +0 buckler (worn)
 g - a +0 helmet (worn)
 j - a +0 cloak (worn)
 k - a +0 chain mail (worn)
Jewellery
 a - a ring of willpower (left hand)
 o - a +5 ring of evasion (right hand)
Scrolls
 p - a scroll of identify
Potions
 b - a potion of cancellation
 d - a potion of might
 e - a potion of degeneration {unknown}
 h - a potion of lignification
 i - a potion of attraction
 n - a potion of curing {unknown}
 q - a potion of resistance

Dungeon Overview and Level Annotations

Branches:
Dungeon (5/15)
 Temple: D:4-7

Altars:
Elyvilon


Message History

You barely miss the gnoll bouda. You slash the gnoll!
You barely miss the adder. You hit the adder.
The adder bites you but does no damage. The gnoll hits you with a +0 club!
The gnoll misses you. You block the adder's attack.
The gnoll bouda hits you with a +0 club.
The gnoll hits you but does no damage. The adder bites you but does no damage.
The gnoll closely misses you.
You slash the gnoll!
You kill the gnoll!
You slash the adder! You barely miss the adder.
You closely miss the gnoll bouda. You block the adder's attack.
The gnoll hits you but does no damage. The gnoll closely misses you.
The adder bites you but does no damage. The gnoll bouda completely misses you.
The adder bites you but does no damage.
The gnoll hits you from afar with a +0 halberd.
You miss the adder.
The adder is heavily wounded.
You hit the gnoll. You miss the adder. You slash the gnoll bouda!
The adder misses you. The gnoll closely misses you.
The gnoll hits you but does no damage.
The gnoll bouda calls upon its god to heal the gnoll.
The gnoll is healed somewhat.
The adder barely misses you. The adder bites you but does no damage.
The gnoll closely misses you.
You hit the gnoll bouda but do no damage.
The gnoll bouda is heavily wounded.
You slash the gnoll! You slash the adder!
You kill the adder!
You hit the adder. The adder bites you but does no damage.
The gnoll closely misses you. The gnoll bouda misses you.
The gnoll completely misses you. You block the gnoll's attack.
The gnoll hits you but does no damage. The adder bites you.
The gnoll bouda closely misses you.
The gnoll hits you from afar with a +0 spear.
You hit the gnoll.
You kill the gnoll!
You hit the gnoll. You closely miss the adder.
You closely miss the gnoll bouda. The adder closely misses you.
You block the gnoll's attack. The gnoll completely misses you.
The gnoll barely misses you.
The gnoll bouda hits you with a +0 club!
You die...

....##########.#
#.............#
#.##....#####.#
##########.##....#
###
.........#.......#
.........####....#
.....gg..# #.####
......)g.# #.#
......g@.####%#
......S.......#
.........######
.........#
.........#
.........#
.........#
.........# #######


You could see a gnoll bouda, 3 gnolls and an adder.

Vanquished Creatures
  A phantom (D:4)
  2 scorpions (D:5)
  A jelly (D:4)
  An orc priest (D:5)
  3 hounds
  An iguana (D:4)
  3 orc wizards
  5 gnolls
  4 adders
  An ufetubus (D:4)
  2 worms
  2 dart slugs (D:1)
  11 orcs
  15 ball pythons
  7 bats
  7 endoplasms
  A giant cockroach (D:3)
  11 goblins
  5 hobgoblins
  7 jackals
  6 quokkas
  4 frilled lizards
  5 kobolds
  9 rats
114 creatures vanquished.

Notes
Turn   | Place    | Note
-------+----------+-------------------------------------------
     0 | D:1      | qw the Gargoyle Fighter began the quest for the Orb.
     0 | D:1      | Reached XP level 1. HP: 14/14 MP: 1/1
     0 | D:1      | 0 ||| qw: Version: 0.3-a-9-g12657ce
     0 | D:1      | 0 ||| qw: Game counter: 1630
     0 | D:1      | 0 ||| qw: Always use a shield: true
     0 | D:1      | 0 ||| qw: God list: Okawaru
     0 | D:1      | 0 ||| qw: Allow faded altars: false
     0 | D:1      | 0 ||| qw: Do Orc after D:15 true
     0 | D:1      | 0 ||| qw: Do second Lair branch before Depths: true
     0 | D:1      | 0 ||| qw: Lair rune preference: random
     0 | D:1      | 0 ||| qw: Plans: Normal, Zot:1-4, Slime:5, God:TSO, Crypt,
                  | Tomb, Abyss, Pan, Hells, Win
     0 | D:1      | 0 ||| PLANNING D:1-11
    32 | D:1      | Reached skill level 2 in Axes
   119 | D:1      | Reached XP level 2. HP: 18/19 MP: 2/2
   127 | D:1      | 127 ||| Stepping ~*~*~tactically~*~*~ (hiding).
   284 | D:1      | 284 ||| Stepping ~*~*~tactically~*~*~ (stealth).
   363 | D:1      | 363 ||| Stepping ~*~*~tactically~*~*~ (hiding).
   367 | D:1      | Reached skill level 3 in Axes
   487 | D:1      | Reached XP level 3. HP: 19/23 MP: 3/3
   878 | D:1      | 878 ||| Stepping ~*~*~tactically~*~*~ (hiding).
   879 | D:1      | 879 ||| Stepping ~*~*~tactically~*~*~ (hiding).
   987 | D:1      | 987 ||| DROPPING +0 club.
  1254 | D:1      | 1254 ||| UPGRADING to +0 helmet.
  1259 | D:1      | 1259 ||| UPGRADING to +0 cloak.
  1264 | D:1      | 1264 ||| READING scroll labelled SEMAWY KUKO.
  1265 | D:1      | 1265 ||| READING 3 scrolls labelled KYTADGH BAIXA.
  1266 | D:1      | 1266 ||| READING scroll labelled EJAHEUT XIDOXU.
  1267 | D:1      | 1267 ||| DRINKING 2 fizzy purple potions.
  1324 | D:1      | 1324 ||| DROPPING 2 scrolls of amnesia.
  1648 | D:2      | 1648 ||| DROPPING +0 whip.
  1673 | D:2      | 1673 ||| Stepping ~*~*~tactically~*~*~ (stealth).
  1674 | D:2      | 1674 ||| Stepping ~*~*~tactically~*~*~ (stealth).
  1694 | D:2      | Reached XP level 4. HP: 28/28 MP: 4/4
  1712 | D:2      | Reached skill level 4 in Axes
  1716 | D:2      | 1716 ||| Stepping ~*~*~tactically~*~*~ (stealth).
  2016 | D:2      | 2016 ||| UPGRADING to +0 chain mail.
  2026 | D:2      | 2026 ||| DROPPING +0 scale mail.
  2027 | D:2      | 2027 ||| UPGRADING to ring of willpower.
  2028 | D:2      | 2028 ||| READING scroll labelled PAQAXYEZUM.
  2029 | D:2      | 2029 ||| READING scroll labelled PYTWUE TEFILUO.
  2136 | D:3      | 2136 ||| Stepping ~*~*~tactically~*~*~ (stealth).
  2368 | D:3      | 2368 ||| Stepping ~*~*~tactically~*~*~ (hiding).
  2520 | D:3      | Identified the +5 trident of Misery {drain, rPois Str+3}
  2696 | D:3      | Reached XP level 5. HP: 14/32 MP: 5/5
  3251 | D:3      | 3251 ||| UPGRADING to +5 ring of evasion.
  3252 | D:3      | 3252 ||| READING scroll labelled YWNUDE HEBBAKK.
  3253 | D:3      | 3253 ||| READING scroll labelled FYTASTRAYLA.
  3254 | D:3      | 3254 ||| READING scroll labelled NETTIC SORU.
  3255 | D:3      | 3255 ||| DRINKING 2 coppery potions.
  3256 | D:3      | 3256 ||| READING 2 scrolls of identify.
  3256 | D:3      | 3256 ||| IDENTIFYING orange potion
  3271 | D:4      | Noticed a phantom
  3291 | D:4      | Killed a phantom
  3292 | D:4      | Reached skill level 5 in Axes
  3306 | D:4      | Reached XP level 6. HP: 14/38 MP: 6/6
  3331 | D:4      | 3331 ||| FLEEEEING.
  3332 | D:4      | 3332 ||| FLEEEEING.
  3333 | D:4      | 3333 ||| FLEEEEING.
  3334 | D:4      | 3334 ||| FLEEEEING.
  3335 | D:4      | 3335 ||| FLEEEEING.
  3336 | D:4      | 3336 ||| STAIRDANCE
  3690 | D:4      | Found a white marble altar of Elyvilon.
  3801 | D:4      | 3801 ||| READING scroll labelled BILAOF FURO.
  3930 | D:4      | 3930 ||| DRINKING 2 ruby potions.
  3931 | D:4      | 3931 ||| READING 2 scrolls of identify.
  3931 | D:4      | 3931 ||| IDENTIFYING metallic amethyst potion
  3932 | D:4      | 3932 ||| DROPPING potion of invisibility.
  3956 | D:5      | Entered Level 5 of the Dungeon
  4040 | D:5      | Reached skill level 6 in Axes
  4131 | D:5      | Reached skill level 1 in Dodging
  4136 | D:5      | Reached XP level 7. HP: 38/43 MP: 7/7
  4136 | D:5      | 4136 ||| FLEEEEING.
  4138 | D:5      | 4138 ||| Stepping ~*~*~tactically~*~*~ (hiding).
  4319 | D:5      | HP: 10/43 [gnoll/+0 halberd[a gnoll bouda] (2)]
  4322 | D:5      | Slain by a gnoll bouda

Levels and vault maps discovered:
D:1:      eino_arrival_druids_welcome, layout_loops_ring
D:2:      layout_basic, kennysheep_generic_room_16
D:3:      layout_basic, nicolae_concentric_dashed_squares_mild
D:4:      layout_rooms, elyvilon_altar_1, serial_glass, glass_columns_b,
          glass_columns_c
D:5:      layout_basic

Skill      XL: |  1  2  3  4  5  6 |
---------------+-------------------+-----
Axes           | 2 3 4 5 6 |  6.9
Fighting       | 4 |  4.2
Dodging        | 1 |  1.0
Armour         | |  3.2
Shields        | |  3.2

Action                     |  1- 3 |  4- 6 |  7- 9 || total
---------------------------+-------+-------+-------++-------
  Melee: War axe           |   152 |   164 |    55 ||   371
  Throw: Boomerang         |       |       |     3 ||     3
    Use: Scroll            |     3 |     8 |       ||    11
         Potion            |     1 |     2 |       ||     3
 Armour: Scale mail        |    95 |    18 |       ||   113
         Chain mail        |       |    68 |    47 ||   115
  Dodge: Dodged            |    71 |    93 |    57 ||   221
  Block: Buckler           |    25 |    25 |    14 ||    64

Table legend:
 A = Non-vault XP
 B = Vault XP
 C = Vault XP percentage of total XP
 D = Non-vault monster count
 E = Vault monster count
 F = Vault count percentage of total count
                 A         B        C        D         E       F
            +---------+---------+-------+---------+---------+-------
      Total |     922 |       6 |   0.6 |     110 |       4 |   3.5
            +---------+---------+-------+---------+---------+-------
        D:1 |      63 |       0 |   0.0 |      36 |       0 |   0.0
        D:2 |      48 |       6 |  11.1 |      21 |       4 |  16.0
        D:3 |      81 |       0 |   0.0 |      17 |       0 |   0.0
        D:4 |     307 |       0 |   0.0 |      20 |       0 |   0.0
        D:5 |     423 |       0 |   0.0 |      16 |       0 |   0.0
            +---------+---------+-------+---------+---------+-------
